 Dungeon Crawl Stone Soup version 0.27-a0-684-g359e429f13 (webtiles) character file.

Game seed: 14717676163113296673

55 Conn the Conjurer (level 4, -3/30 HPs)
             Began as a Human Conjurer on Mar 20, 2021.
             Killed from afar by Sigmund (7 damage)
             ... with a magic dart
             ... on level 2 of the Dungeon.
             The game lasted 00:03:13 (1585 turns).

Conn the Conjurer (Human Conjurer)                  Turns: 1585, Time: 00:03:14

Health: -3/30      AC:  2    Str:  8    XL:     4   Next: 14%
Magic:  4/7        EV: 12    Int: 19    God:
Gold:   110        SH:  0    Dex: 11    Spells: 4/7 levels left

rFire    . . .     SeeInvis .   b - +0 dagger
rCold    . . .     Faith    .   (no shield)
rNeg     . . .     Spirit   .   a - +0 robe
rPois    .         Reflect  .   (no helmet)
rElec    .         Harm     .   (no cloak)
rCorr    .         Rampage  .   (no gloves)
Will     .....                  (no boots)
Stlth    ++........             (no amulet)
HPRegen  0.10/turn              g - ring of wizardry
MPRegen  0.10/turn              (no ring)

@: no status effects
A: no striking features
a: no special abilities


You were on level 2 of the Dungeon.
You visited 1 branch of the dungeon, and saw 2 of its levels.

You collected 110 gold pieces.

Inventory:

Hand Weapons
 b - a +0 dagger (weapon)
Missiles
 c - 105 stones
 e - 11 poisoned darts
Armour
 a - a +0 robe (worn)
Jewellery
 g - a ring of wizardry (right hand)
Scrolls
 d - a scroll of noise {unknown}
 f - a scroll of brand weapon {unknown}


   Skills:
 + Level 2.4 Dodging
 + Level 2.3 Stealth
 + Level 2.0 Spellcasting
 + Level 5.0 Conjurations


You had 4 spell levels left.
You knew the following spells:

 Your Spells              Type           Power      Damage    Failure   Level
a - Magic Dart            Conj           84%        1d7       1%          1
b - Searing Ray           Conj           42%        3d4       1%          2

Your spell library contained the following spells:

 Spells                   Type           Power      Damage    Failure   Level
 Dazzling Flash           Conj/Hex       22%        N/A       8%          3
 Fulminant Prism          Conj/Hex       5%         3d7       24%         4
 Iskenderun's Mystic Bla  Conj/Tloc      11%        2d4       24%         4


Dungeon Overview and Level Annotations

Branches:
Dungeon (2/15)

Altars:

Annotations:
D:2 Sigmund


Message History

The adder is severely wounded.
Casting: Magic Dart (safe; 1% risk of failure)
Confirm with . or Enter, or press ? or * to list all spells.
Aiming: Magic Dart (safe; 1% risk of failure)
Press: ? - help, Shift-Dir - straight line, f/p - adder
Aim: an adder (severely wounded, 0% to evade)
The magic dart hits the adder!
You kill the adder!
You have reached level 4!
You feel stronger.
c - 105 stones (gained 16) As you open the door, it creaks loudly!
You open the door.
Found a stone staircase leading up.
There is an open door here.
Sigmund the Dreaded comes into view.
He is wielding a +0 scythe.
Sigmund shouts!
Sigmund closely misses you. Sigmund casts a spell at you.
The magic dart hits you!
There is a stone staircase leading up here.
Casting: Magic Dart (safe; 1% risk of failure)
Confirm with . or Enter, or press ? or * to list all spells.
Aiming: Searing Ray (safe; 1% risk of failure)
Press: ? - help, Shift-Dir - straight line, f - Sigmund
Aim: Sigmund, wielding a +0 scythe and wearing a +0 robe (25% to evade)
The searing ray hits Sigmund.
Sigmund is lightly wounded. (Press . to maintain the ray.) Sigmund hits you from afar with a +0 scythe!
The searing ray misses Sigmund.
Sigmund hits you from afar with a +0 scythe!
* * * LOW HITPOINT WARNING * * *
Unknown command.
You aren't carrying any potions.
Unknown command.
Unknown command.
Sigmund casts a spell at you. The magic dart hits you!
You die...

...........'.........'.......##
###.#...####.........####...##
#.##### ###......## ##..# #.#
#.....## ##.# #.# ##...## #.#
#.. ###'## #.. +.#.##### .#
#....@..# #..@....# #....#..#
#.......... ..#!..#..###
#.........# ##.......## ###.###
#.#


You could see Sigmund.

Vanquished Creatures
  A gnoll (D:1)
  An adder (D:2)
  An ooze (D:1)
  A dart slug (D:1)
  3 leopard geckos
  3 bats
  4 giant cockroaches (D:1)
  3 hobgoblins (D:1)
  3 kobolds (D:1)
  A frilled lizard (D:1)
  3 goblins (D:1)
  4 rats
28 creatures vanquished.

Notes
Turn   | Place    | Note
-------+----------+-------------------------------------------
     0 | D:1      | Conn the Human Conjurer began the quest for the Orb.
     0 | D:1      | Reached XP level 1. HP: 13/13 MP: 3/3
   163 | D:1      | Reached XP level 2. HP: 10/19 MP: 0/5
   413 | D:1      | Learned a level 2 spell: Searing Ray
   705 | D:1      | Reached XP level 3. HP: 24/24 MP: 2/6
  1157 | D:1      | Reached skill level 5 in Conjurations
  1531 | D:2      | Reached XP level 4. HP: 30/30 MP: 3/7
  1580 | D:2      | Noticed Sigmund
  1585 | D:2      | Killed from afar by Sigmund

Illustrated notes

Levels and vault maps discovered:
D:1:      dpeg_arrival_water_temple_mockup, layout_basic
D:2:      minmay_chambers_of_twos, layout_loops_corners,
          kennysheep_generic_room_9, uniq_sigmund, uniq_terence

Skill      XL: |  1  2  3 |
---------------+----------+-----
Conjurations   | 5 |  5.0
Dodging        | |  2.4
Stealth        | |  2.3
Spellcasting   | |  2.0

Action                   |  1- 3 |  4- 6 || total
-------------------------+-------+-------++-------
Melee: Unarmed           |    12 |       ||    12
       Dagger            |     3 |       ||     3
 Cast: Magic Dart        |    54 |       ||    54
       Searing Ray       |     1 |     1 ||     2
 Stab: Sleeping          |     1 |       ||     1
Armor: Robe              |     6 |       ||     6
Dodge: Dodged            |    11 |     1 ||    12

Table legend: (Time is in decaauts)
 A = Elapsed time spent in this place.
 B = Non-inter-level travel time spent in this place.
 C = Inter-level travel time spent in this place.
 D = Time resting spent in this place.
 E = Time spent auto-exploring this place.
 F = Levels seen in this place.
 G = Mean time per level.
                   A        B        C        D        E       F      G
               +--------+--------+--------+--------+--------+-----+--------+
         Total |   1583 |   1511 |     72 |      0 |   1210 |   2 |  791.5 |
       Dungeon |   1583 |   1511 |     72 |      0 |   1210 |   2 |  791.5 |
               +--------+--------+--------+--------+--------+-----+--------+

Top non-repeatable levels by time:
     D:1: 1403 daAuts
     D:2: 180 daAuts
